 Dungeon Crawl Stone Soup version 0.27.0-1-g7a089689b8 (webtiles) character file.

Game seed: 910792107567144014

154 Kalaber the Chopper (level 5, -10/44 HPs)
             Began as a Palentonga Fighter on Aug 10, 2021.
             Was a Believer of Dithmenos.
             Mangled by an ogre (19 damage)
             ... on level 4 of the Dungeon.
             The game lasted 00:07:30 (2755 turns).

Kalaber the Chopper (Palentonga Fighter)            Turns: 2755, Time: 00:07:31

Health: -10/44     AC:  6    Str: 20    XL:     5   Next: 13%
Magic:  1/5        EV:  5    Int:  9    God:    Dithmenos [**....]
Gold:   169        SH: 13    Dex:  9    Spells: 4/4 levels left

rFire    . . .     SeeInvis +   a - +0 war axe
rCold    . . .     Faith    .   c - +0 kite shield
rNeg     . . .     Spirit   .   b - +0 scale mail
rPois    .         Reflect  +   (no helmet)
rElec    .         Harm     .   (no cloak)
rCorr    .         Rampage  .   (no gloves)
Will     .....                  (no barding)
Stlth    ..........             p - amulet of reflection
HPRegen  0.14/turn              (no ring)
MPRegen  0.09/turn              (no ring)

@: wreathed by umbra
A: large, rugged brown scales 3, see invisible, deformed body, roll 1, armoured
tail
a: Rolling Charge, Renounce Religion, Shadow Step


You were on level 4 of the Dungeon.
You worshipped Dithmenos.
Dithmenos was pleased with you.
You visited 1 branch of the dungeon, and saw 4 of its levels.

You collected 169 gold pieces.

Inventory:

Hand Weapons
 a - a +0 war axe (weapon)
Missiles
 j - 3 boomerangs
Armour
 b - a +0 scale mail (worn)
 c - a +0 kite shield (worn)
Jewellery
 p - an amulet of reflection (around neck)
Wands
 i - a wand of polymorph (10)
 o - a wand of flame (6)
Scrolls
 k - a scroll of magic mapping {unknown}
 m - 2 scrolls of identify
 n - a scroll of teleportation {unknown}
Potions
 d - a potion of might
 e - a potion of brilliance
 f - a potion of curing
 g - 2 potions of heal wounds
 h - 2 potions of mutation {unknown}
 l - a potion of degeneration {unknown}


   Skills:
 - Level 4.0 Fighting
 * Level 4.6 Axes
 - Level 2.4 Armour
 - Level 2.4 Shields


You had 4 spell levels left.
You didn't know any spells.
Your spell library contained the following spells:

 Spells                   Type           Power      Damage    Failure   Level
 Summon Small Mammal      Summ           0%         N/A       99%         1
 Ensorcelled Hibernation  Hex/Ice        0%         N/A       100%        2
 Call Canine Familiar     Summ           0%         N/A       100%        3
 Spider Form              Tmut/Pois      0%         N/A       100%        3
 Summon Guardian Golem    Hex/Summ       0%         N/A       100%        3
 Shadow Creatures         Summ           N/A        N/A       100%        6


Dungeon Overview and Level Annotations

Branches:
Dungeon (4/15)
 Temple: D:4-7

Altars:
Dithmenos
Elyvilon
Kikubaaqudgha


Innate Abilities, Weirdness & Mutations

You are completely covered in rugged brown scales. (AC +3, +7% HP)
You have supernaturally acute eyesight. (SInv)
Armour fits poorly on your strangely shaped body.
You can roll at nearby foes to attack.
You have a long armoured tail.


Message History

You kill the giant cockroach!
Dithmenos accepts your kill.
No target in view!
There is an open door here.
An ogre opens the door.
It is wielding a +0 giant club.
Okay, then.
Roll where?
Press: ? - help, Q - select action, (/) - cycle Dir - move target, f - ogre
Aim: an ogre, wielding a +0 giant club You roll forward with a clatter of scales!
You hit the ogre.
The ogre is lightly wounded.
You block the ogre's attack.
Aiming: Shadow Step
Press: ? - help, Dir - move target, p - ogre There isn't a shadow there.
Okay, then.
Aiming: Shadow Step
Press: ? - help, Dir - move target, f/p - ogre
Aim: an ogre, wielding a +0 giant club (lightly wounded, umbra)
You step into the ogre's shadow.
You block the ogre's attack.
You hit the ogre.
Your tail-slap misses the ogre.
The ogre is moderately wounded.
You block the ogre's attack.
You barely miss the ogre.
The ogre is moderately wounded.
You block the ogre's attack. The ogre completely misses you.
You slash the ogre!
The ogre is almost dead.
You block the ogre's attack.
You barely miss the ogre.
The ogre is almost dead.
The ogre hits you with a +0 giant club!!
Ouch! That really hurt!
* * * LOW HITPOINT WARNING * * *
You barely miss the ogre.
You tail-slap the ogre, but do no damage.
The ogre is almost dead.
The ogre hits you with a +0 giant club!!
You die...

##..#.##.#####
.......# # ...
.......# ... .......#
... .....†.# #.#
.......# #.# .......#
#.# .......# ##O##
##.##### ##..@##
#.#### ##.....##
##.##.## ##.......##
#......####.........#
#.........'.........+
#......####.........#
#####.## ##.......##
#.# ##.....## #.#
##...##


You could see an ogre.

Vanquished Creatures
  3 gnolls (D:2)
  4 adders
  A worm (D:2)
  3 dart slugs
  An orc (D:3)
  5 endoplasms
  3 giant cockroaches
  6 goblins
  12 hobgoblins
  11 jackals
  5 quokkas
  3 ball pythons
  3 bats
  2 frilled lizards
  5 kobolds
  3 rats
70 creatures vanquished.

Vanquished Creatures (others)
  3 fungi (D:1)
  6 plants
9 creatures vanquished.

Grand Total: 79 creatures vanquished

Notes
Turn   | Place    | Note
-------+----------+-------------------------------------------
     0 | D:1      | Kalaber the Palentonga Fighter began the quest for the Orb.
     0 | D:1      | Reached XP level 1. HP: 19/19 MP: 1/1
   180 | D:1      | Reached XP level 2. HP: 24/25 MP: 2/2
   420 | D:1      | Reached XP level 3. HP: 27/31 MP: 3/3
   910 | D:1      | Found a faded altar of an unknown god.
   913 | D:1      | Became a worshipper of Dithmenos the Shadowed
   913 | D:1      | Reached * piety under Dithmenos
  1208 | D:2      | Reached XP level 4. HP: 32/39 MP: 4/4
  1803 | D:3      | Reached ** piety under Dithmenos
  2099 | D:3      | Found an ancient bone altar of Kikubaaqudgha.
  2306 | D:3      | Reached XP level 5. HP: 44/44 MP: 5/5
  2422 | D:3      | Found a white marble altar of Elyvilon.
  2748 | D:4      | Noticed an ogre
  2755 | D:4      | Mangled by an ogre

Illustrated notes

Levels and vault maps discovered:
D:1:      zaba_arrival_water, layout_basic,
          shapermc_ecumenical_altar_hornbeckon, minmay_octomino_j4
D:2:      layout_rooms, grunt_ministairs_11
D:3:      layout_loops_cross, overflow_temple_1_default,
          mainiacjoe_overflow_cross_hatched
D:4:      layout_loops_corners, marbit_many_paths, dk_noncrumbling_4,
          uniq_duvessa

Skill      XL: |  1  2  3  4 |
---------------+-------------+-----
Axes           | 3 4 |  4.6
Fighting       | 4 |  4.0
Armour         | |  2.4
Shields        | |  2.4

Action                   |  1- 3 |  4- 6 || total
-------------------------+-------+-------++-------
Melee: War axe           |   108 |    99 ||   207
       Tailslap          |    10 |     9 ||    19
Throw: Boomerang         |       |     1 ||     1
Invok: Shadow Step       |       |     1 ||     1
 Abil: Rolling Charge    |     2 |     4 ||     6
  Use: Scroll            |       |     3 ||     3
Armor: Scale mail        |    64 |    46 ||   110
Dodge: Dodged            |    23 |    31 ||    54
Block: Kite shield       |    61 |    50 ||   111
